 Dungeon Crawl Stone Soup version 0.25-a0-1024-gbfbf38f2cb (webtiles) character file.

Game seed: 8913468596789708729, levelgen mode: deterministic

1738 Flugslaktarn the Skirmisher (level 9, -2/93 HPs)
             Began as an Ogre Fighter on May 12, 2020.
             Was a Believer of Okawaru.
             Slain by a river rat (5 damage)
             ... summoned by Gastronok
             ... on level 8 of the Dungeon.
             The game lasted 00:04:42 (10303 turns).

Flugslaktarn the Skirmisher (Ogre Fighter)         Turns: 10303, Time: 00:04:43

Health: -2/93      AC:  3    Str: 22    XL:     9   Next: 5%
Magic:  12/12      EV: 10    Int:  9    God:    Okawaru [**....]
Gold:   396        SH: 10    Dex:  8    Spells: 8/8 levels left

rFire    . . .     SeeInvis .   a - +1 war axe
rCold    . . .     Gourm    .   c - +1 kite shield
rNeg     . . .     Faith    .   b - +0 robe
rPois    +         Spirit   .   (helmet restricted)
rElec    .         Reflect  .   (no cloak)
rCorr    .         Harm     .   (gloves unavailable)
MR       .....                  (boots unavailable)
Stlth    +.........             (no amulet)
HPRegen  0.25/turn              o - ring of poison resistance
MPRegen  0.13/turn              s - -3 ring of dexterity

@: slowed, very slow
A: large, unfitting armour, tough skin 1
a: Heroism, Renounce Religion


You were on level 8 of the Dungeon.
You worshipped Okawaru.
Okawaru was pleased with you.
You were not hungry.

You visited 1 branch of the dungeon, and saw 8 of its levels.

You collected 396 gold pieces.

Inventory:

Hand Weapons
 a - a +1 war axe (weapon)
Missiles
 p - a curare-tipped dart (quivered)
Armour
 b - a +0 robe (worn)
 c - a +1 kite shield (worn)
Jewellery
 o - a ring of poison resistance (left hand)
   (You found it on level 2 of the Dungeon)
 s - a -3 ring of dexterity (right hand)
   (You found it on level 3 of the Dungeon)
Wands
 d - a wand of acid (5)
   (You took it off Ijyb on level 3 of the Dungeon)
Scrolls
 f - a scroll of enchant armour
 g - a scroll of blinking {unknown}
 m - a scroll of enchant weapon
 r - 3 scrolls of identify
 t - 4 scrolls of teleportation
 x - a scroll of remove curse
Potions
 h - a potion of heal wounds {unknown}
 i - a potion of cancellation {unknown}
 j - a potion of curing {unknown}
 k - 3 potions of magic
 q - 5 potions of flight
 u - a potion of haste {unknown}
 w - 3 potions of lignification {unknown}
Comestibles
 e - 12 rations


   Skills:
 + Level 7.3 Fighting
 * Level 6.8 Axes
 + Level 4.8 Dodging
 + Level 5.1 Shields
 + Level 4.7 Invocations


You had 8 spell levels left.
You didn't know any spells.
Your spell library was empty.

Dungeon Overview and Level Annotations

Branches:
Dungeon (8/15)             Temple (0/1) D:6
   Lair: D:8-11

Altars:
Fedhas
Okawaru
Wu Jian
Xom
Zin
The Shining One

Shops:
D:6 [

Annotations:
D:4 Eustachio
D:8 Gastronok


Innate Abilities, Weirdness & Mutations

You are too large for most types of armour.
You have tough skin. (AC +1)


Message History

Gastronok is severely wounded.
You hit the river rat. The river rat bites you.
* * * LOW HITPOINT WARNING * * *
Gastronok mumbles some strange words.
You feel sluggish. The river rat bites you.
* * * LOW HITPOINT WARNING * * *
You hit Gastronok.
Gastronok is severely wounded.
You hit the river rat. The river rat bites you.
* * * LOW HITPOINT WARNING * * *
Gastronok's eyestalks quiver as he mumbles some strange words.
The river rat bites you.
* * * LOW HITPOINT WARNING * * *
You slash Gastronok!
Gastronok is severely wounded.
You barely miss the quokka. You hit the river rat but do no damage.
The quokka bites you.
* * * LOW HITPOINT WARNING * * *
The river rat bites you.
You die...

## .. .. . #.
#. #. #####
#.###. #.r<#
#....l####@###
#.##.rlwr# #
#..#.#####
#.###....#
#...w.##.#
..w..#.@....#
.#. #.######
#. ..


You could see Gastronok (poisoned), an iguana, a river rat (summoned) and 2
quokkas.

Vanquished Creatures
  Joseph (D:7)
  An orc warrior (D:7)
  2 sky beasts
  An ogre (D:5)
  2 bullfrogs
  A scorpion (D:4)
  A crimson imp (D:7)
  3 hounds
  A quasit (D:7)
  A jelly (D:7)
  2 orc priests
  4 orc wizards
  Ijyb (D:3)
  Natasha (thrice) (D:3)
  2 iguanas
  5 worker ants
  12 adders
  4 gnolls
  An ooze (D:5)
  An adder skeleton (D:4)
  An adder zombie (D:7)
  2 worms
  2 dart slugs
  4 leopard geckos
  11 orcs
  4 goblins
  3 hobgoblins (D:1)
  16 jackals
  A kobold (D:2)
  A quokka (D:7)
  A ball python (D:3)
  5 bats
  3 frilled lizards
  9 rats
112 creatures vanquished.

Notes
Turn   | Place    | Note
-------+----------+-------------------------------------------
     0 | D:1      | Flugslaktarn the Ogre Fighter began the quest for the Orb.
     0 | D:1      | Reached XP level 1. HP: 24/24 MP: 1/1
   110 | D:1      | Reached XP level 2. HP: 24/32 MP: 2/2
   125 | D:1      | Found an iron altar of Okawaru.
   133 | D:1      | Became a worshipper of Warmaster Okawaru
  1220 | D:2      | Reached XP level 3. HP: 31/40 MP: 3/3
  1632 | D:2      | Reached skill level 1 in Invocations
  2065 | D:2      | Reached XP level 4. HP: 41/49 MP: 4/4
  2538 | D:3      | Noticed Ijyb
  2842 | D:3      | Killed Ijyb
  3132 | D:3      | Noticed Natasha
  3140 | D:3      | Killed Natasha
  3140 | D:3      | Reached XP level 5. HP: 34/55 MP: 6/6
  3341 | D:3      | Noticed Natasha
  3347 | D:3      | Killed Natasha
  3351 | D:3      | Reached skill level 5 in Fighting
  3351 | D:3      | Reached XP level 6. HP: 51/66 MP: 7/7
  3361 | D:3      | Noticed Natasha
  3377 | D:3      | Killed Natasha
  3983 | D:4      | You fall into a shaft and drop 3 floors!
  4027 | D:5      | Entered Level 5 of the Dungeon
  4162 | D:5      | Noticed a sky beast
  4218 | D:5      | Killed a sky beast
  4588 | D:5      | Reached XP level 7. HP: 69/72 MP: 9/9
  4996 | D:5      | Reached * piety under Okawaru
  5673 | D:4      | Found a shimmering altar of Xom.
  5764 | D:4      | Reached skill level 5 in Axes
  5768 | D:4      | Reached skill level 6 in Fighting
  5918 | D:4      | Found a glowing silver altar of Zin.
  5919 | D:4      | Found a glowing golden altar of the Shining One.
  6039 | D:4      | Noticed Eustachio
  6552 | D:4      | Found a blossoming altar of Fedhas.
  6967 | D:6      | Found Otsoeplu's Antique Armour Boutique.
  7005 | D:6      | Found a staircase to the Ecumenical Temple.
  7337 | D:6      | Reached XP level 8. HP: 46/83 MP: 10/10
  7598 | D:6      | Found an ornate altar of the Wu Jian Council.
  7804 | D:7      | Reached ** piety under Okawaru
  9089 | D:8      | Noticed Gastronok
  9097 | D:8      | Noticed Joseph
  9681 | D:7      | Killed Joseph
  9681 | D:7      | Reached skill level 7 in Fighting
  9681 | D:7      | Reached skill level 5 in Shields
  9681 | D:7      | Reached XP level 9. HP: 26/93 MP: 9/12
 10302 | D:8      | HP: 4/93 [river rat[Gastronok] (1)]
 10303 | D:8      | Slain by a river rat

Illustrated notes

Levels and vault maps discovered:
D:1:      wheals_arrival_linesprint, layout_rooms, serial_forest,
          infiniplex_forest_join, infiniplex_forest_straight_5,
          infiniplex_forest_diagonal, infiniplex_forest_lined_2,
          infiniplex_forest_end_1, infiniplex_forest_straight_5,
          infiniplex_forest_clump_curved, infiniplex_forest_straight_5,
          infiniplex_forest_end_3, okawaru_ov_weapons_minmay
D:2:      layout_loops_ring
D:3:      layout_rooms, uniq_ijyb, uniq_natasha
D:4:      layout_basic, lemuel_round_altar, minitemple, lemuel_doored_altar,
          first_ration, uniq_eustachio
D:5:      layout_loops_ring
D:6:      layout_cave_pools, kennysheep_mini_moat, minmay_temple_entry_tees,
          serial_shops, nicolae_shop_waterfront, minivault_11
D:7:      layout_gridville
D:8:      layout_basic, lemuel_coloured_pillars_altar, grunt_pizzeria,
          hangedman_decor_points, moated_statue, corexii_hall_statues_deadend,
          minmay_fire_ice_demons, uniq_grum, uniq_gastronok, uniq_joseph

Skill      XL: |  1  2  3  4  5  6  7  8 |
---------------+-------------------------+-----
Shields        | 3 4 5 |  5.1
Invocations    | 1 2 3 4 |  4.7
Dodging        | 3 4 |  4.8
Axes           | 3 4 5 6 |  6.8
Fighting       | 5 6 7 |  7.3

Action                   |  1- 3 |  4- 6 |  7- 9 || total
-------------------------+-------+-------+-------++-------
Melee: War axe           |   108 |   106 |   265 ||   479
Throw: Dart              |       |       |     9 ||     9
       Throwing net      |       |       |     1 ||     1
Invok: Heroism           |       |       |     3 ||     3
Evoke: Wand              |       |     4 |       ||     4
  Use: Potion            |       |     1 |       ||     1
       Scroll            |       |       |    11 ||    11
 Stab: Sleeping          |       |     1 |       ||     1
       Held in net/web   |       |       |     1 ||     1
  Eat: Ration            |     1 |       |     2 ||     3
       Chunk             |       |     8 |    12 ||    20
Armor: Robe              |    43 |    23 |    54 ||   120
Dodge: Dodged            |    46 |    58 |   120 ||   224
Block: Kite shield       |    66 |    63 |   132 ||   261

Table legend:
 A = Non-vault XP
 B = Vault XP
 C = Vault XP percentage of total XP
 D = Non-vault monster count
 E = Vault monster count
 F = Vault count percentage of total count
                 A         B        C        D         E       F
            +---------+---------+-------+---------+---------+-------
      Total |    1942 |     541 |  21.8 |     109 |       3 |   2.7
            +---------+---------+-------+---------+---------+-------
        D:1 |      32 |       0 |   0.0 |      17 |       0 |   0.0
        D:2 |      81 |       0 |   0.0 |      19 |       0 |   0.0
        D:3 |     188 |      70 |  27.1 |      12 |       2 |  14.3
        D:4 |     215 |       0 |   0.0 |      11 |       0 |   0.0
        D:5 |     416 |       0 |   0.0 |      12 |       0 |   0.0
        D:6 |     390 |       0 |   0.0 |      14 |       0 |   0.0
        D:7 |     544 |     471 |  46.4 |      22 |       1 |   4.3
        D:8 |      76 |       0 |   0.0 |       2 |       0 |   0.0
            +---------+---------+-------+---------+---------+-------
